Cogmind - Beta 16 @@@ ROGUE MODE // 2025.12.30 @ 04:23:52 Player: naththebg Result: Destroyed by H-66 Slayer with Gauss Rifle Performance ------------- Evolutions (5) 2500 Regions Visited (6) 1200 Robots Destroyed (67) 335 Value Destroyed (2347) 2347 Prototype IDs (18) 360 Alien Tech Used (0) 0 Bonus (974) 974 TOTAL SCORE: 7716 Bonus ------- High Alert Combat Kills 174 Registered with UFD 300 Met Optimus in HQ 500 Cogmind --------- Core Integrity 0/1000 Matter 300/300 Energy 100/100 System Corruption 10% Temperature Cool (0) Movement Core (350) Ox6 Location -5/Factory Parts ------- > --- POWER (2) -------- (None) > --- PROPULSION (5) --- (None) > --- UTILITY (8) ------ Large Storage Unit Enhanced Optical Array Improved Signal Interpreter Improved System Shield A0-MCA's Component Scanner > --- WEAPON (2) ------- (None) > --- INVENTORY (15) --- Neutrino Core Improved Heat Sink High-capacity Matter Pod (83) Improved Sensor Array Long-range Sensor Array Improved Reaction Control System Improved Hacking Suite Cooled Pulse Rifle Mass Driver Remote Datajack Improved Plasma Cutter CPS Tube (2) Multitool Peak State ------------ > --- POWER ------------ Light Fission Core Cooled Fission Core > --- PROPULSION ------- Improved Gravmag System Improved Gravmag System Improved Gravmag System Antigrav System Antigrav System > --- UTILITY ---------- Advanced Cooling System Large Storage Unit Enhanced Optical Array Long-range Sensor Array Improved Signal Interpreter Utility Shielding Improved System Shield A0-MCA's Component Scanner > --- WEAPON ----------- Mass Driver Shock Maul > --- INVENTORY -------- Neutrino Core Improved Gravmag System Improved Heat Sink High-capacity Matter Pod Improved Sensor Array Improved Reaction Control System Improved Hacking Suite Cooled Pulse Rifle Remote Datajack Improved Plasma Cutter CPS Tube Multitool Powered Hammer Chainsword [Rating: 93] Favorites ----------- Power Ion Engine Engine Ion Engine Power Core Light Fission Core Propulsion Light Treads Treads Light Treads Leg Aluminum Leg Wheel Armored Huge Wheel Hover Unit Improved Gravmag System Utility Large Storage Unit Device Improved Heat Sink Storage Large Storage Unit Processor A0-MCA's Component Scanner Hackware Improved System Shield Protection Medium Armor Plating Weapon Battle Cannon Energy Gun Subdweller Laser Energy Cannon Subdweller Beam Cannon Ballistic Cannon Battle Cannon Launcher Long-range Missile Launcher Impact Weapon Shock Maul Slashing Weapon Chainsword Build | -11 -10 -10 -7 -5 -5 -5 ------- Run | Yrd Mat Sub Scr Fac Was Fac Slots Evolved 10 | . . . . 10 . . Power 1 | . . . . 1 . . Propulsion 3 | . . . . 3 . . Utility 6 | . . . . 6 . . Weapon . | . . . . . . . Parts Attached 70 | 6 7 9 8 32 . 8 Power 10 | 1 . 1 2 5 . 1 Engine 5 | 1 . 1 1 2 . . Core 5 | . . . 1 3 . 1 Reactor . | . . . . . . . Propulsion 21 | 2 2 2 1 12 . 2 Treads 5 | . 2 2 . 1 . . Leg 2 | 2 . . . . . . Wheel 1 | . . . 1 . . . Hover 13 | . . . . 11 . 2 Flight . | . . . . . . . Utility 21 | 1 4 . 3 11 . 2 Device 7 | . 2 . . 4 . 1 Storage 3 | 1 1 . 1 . . . Processor 5 | . . . . 4 . 1 Hackware 1 | . . . . 1 . . Protection 5 | . 1 . 2 2 . . Artifact . | . . . . . . . Weapon 18 | 2 1 6 2 4 . 3 Energy Gun 5 | 2 . 2 . . . 1 Energy Cannon 2 | . . 1 . 1 . . Ballistic Gun . | . . . . . . . Ballistic Cannon 4 | . 1 1 1 1 . . Launcher 3 | . . 2 . 1 . . Special Weapon . | . . . . . . . Impact Weapon 2 | . . . . 1 . 1 Slashing Weapon 2 | . . . 1 . . 1 Piercing Weapon . | . . . . . . . Special Melee Weapon . | . . . . . . . Unidentified Prototypes . | . . . . . . . Parts Lost 32 | . . 3 . 16 . 13 Power 4 | . . . . 2 . 2 Propulsion 17 | . . 2 . 8 . 7 Utility 7 | . . . . 5 . 2 Weapon 4 | . . 1 . 1 . 2 Highest Loss Streak 8 | . . 2 . 7 . 8 To Critical Strikes 1 | . . . . 1 . . Average Backups 14 | 3 11 14 16 14 15 14 Power 1 | . 1 1 1 . 1 1 Propulsion 3 | 2 3 4 3 3 2 . Utility 4 | . 3 3 6 3 4 4 Weapon 3 | . 2 4 3 2 4 3 Tool/Special . | . . . . . . . Unused Backups 28 | . 8 2 5 5 . 8 Power 1 | . . . 1 . . . Propulsion 6 | . 4 1 1 . . . Utility 8 | . 3 . . 1 . 4 Weapon 8 | . 1 1 3 3 . . Tool/Special 5 | . . . . 1 . 4 Average Slot Usage (%) 93 | . 99 99 96 74 94 87 Engine 10 | . 14 14 12 3 5 1 Core 2 | . . . 1 5 5 6 Treads 18 | . 24 27 20 . . . Wheel 1 | . . . 3 3 . . Hover 3 | . . . . 7 29 25 Device 3 | . 10 . . 9 11 10 Storage 11 | . 14 14 14 5 5 5 Processor 3 | . . . . 13 17 17 Hackware 1 | . . . . 4 5 5 Protection 10 | . 3 14 14 6 5 4 Energy Gun 9 | . 24 7 10 . . . Ballistic Cannon 10 | . 3 18 14 2 . . Slashing Weapon 1 | . . . 3 . . . Peak Build Rating 93 | 6 10 12 31 89 82 93 Average Rating 27 | 4 8 10 18 63 82 79 On Entrance 31 | . 6 8 11 31 82 82 Avg Prop Armor Cover (%) 11 | . . . . 11 . . Naked Turns . | . . . . . . . Heaviest Build 73 | 12 31 39 70 73 50 60 Greatest Support 52 | 20 40 40 40 52 52 52 Greatest Overweight (x) 7 | 1 . . 2 3 . 7 Average Overweight (x) . | . . . . . . . Largest Inventory Capacity 20 | 8 15 15 20 20 15 15 Average Capacity 15 | 7 14 15 17 15 15 15 Most Carried 20 | 6 15 15 20 19 15 15 Average Carried 14 | 4 11 14 16 13 15 14 Final Capacity 20 | 8 15 15 20 15 15 15 Final Carried 20 | 6 15 15 20 15 15 13 Class Distribution -------------------- 87% | Mutant 7% | Scavenger-Scout Dominant Class ---------------- Mutant | -10/Materials Mutant | -10/Subcaves Mutant | -7/Scraptown Mutant | -5/Factory Scavenger-Scout | -5/Waste Scavenger-Scout | -5/Factory Resources | -11 -10 -10 -7 -5 -5 -5 ----------- Run | Yrd Mat Sub Scr Fac Was Fac Matter Collected 2276 | 230 550 355 78 446 . 617 Remotely . | . . . . . . . Salvage Created 2212 | . 401 208 . 1095 . 508 Parts 103 | . 17 24 . 48 . 14 Haulers Intercepted 2 | . 1 . . 1 . . Recyclers Shooed 6 | . . . . 6 . . Parts Field Recycled . | . . . . . . . Retrieved Matter . | . . . . . . . Parts Self-Destructed 21 | . . 21 . . . . Prevented . | . . . . . . . Parts Restored . | . . . . . . . Kills | -11 -10 -10 -7 -5 -5 -5 ------- Run | Yrd Mat Sub Scr Fac Was Fac Combat Hostiles Destroyed 49 | . 6 10 . 25 . 8 Melee 6 | . . . . 1 . 5 Guns 6 | . 5 1 . . . . Cannons 13 | . . 7 . 6 . . AOE 16 | . . 2 . 14 . . Classes Destroyed 13 | . 3 3 . 6 . 1 Worker 5 | . . . . 3 . 2 Builder 2 | . . . . . . 2 Tunneler 1 | . . . . 1 . . Hauler 2 | . 1 . . 1 . . Recycler 2 | . . . . 1 . 1 Watcher 6 | . 3 . . 2 . 1 Swarmer 17 | . . 3 . 9 . 5 Grunt 15 | . 6 . . 9 . . Brawler 1 | . . . . 1 . . Hunter 4 | . . . . 3 . 1 Programmer 5 | . . . . 3 . 2 Artisan 1 | . . 1 . . . . Subdweller 7 | . . 7 . . . . Best Kill Streak 9 | . 3 3 . 9 . 6 Combat Bots Only 7 | . 3 3 . 7 . 5 Max Kills in Single Turn 4 | . 1 1 . 4 . 1 Gunslinging . | . . . . . . . Exploded 3 | . . 1 . 3 . . Melee 1 | . . . . 1 . 1 Uniques/NPCs Destroyed . | . . . . . . . Combat | -11 -10 -10 -7 -5 -5 -5 -------- Run | Yrd Mat Sub Scr Fac Was Fac Hostile Shots Fired 365 | . 25 41 . 171 . 128 Missed 84 | . 9 5 . 47 . 23 Hits 281 | . 16 36 . 124 . 105 Projectile 281 | . 16 36 . 124 . 105 Critical Strikes 12 | . 2 3 . 6 . 1 Actively Blocked 1 | . . . . 1 . . Damage Taken 4956 | . 249 673 . 2285 . 1749 Core 1190 | . 60 126 . 353 . 651 Absorbed by Shields . | . . . . . . . Redirected to Shielding 126 | . . . . 73 . 53 Ignored by Resistances 12 | . . . . 12 . . Regen/Repaired (Parts) 47 | . . . . . . 47 Core Remaining (%) 62 | 100 . . 25 . . . Volleys Fired 147 | . 35 40 . 54 . 18 Largest 2 | . 2 2 . 1 . 1 Hottest 110 | . 100 110 . 98 . 60 Shots Fired 198 | . 70 55 . 54 . 19 Gun 78 | . 68 3 . . . 7 Cannon 95 | . 2 44 . 37 . 12 Launcher 25 | . . 8 . 17 . . Special . | . . . . . . . Kinetic 67 | . 2 39 . 14 . 12 Thermal 103 | . 68 5 . 23 . 7 Explosive 25 | . . 8 . 17 . . Electromagnetic 3 | . . 3 . . . . Robot Hit Streak 15 | . 15 13 . 7 . 3 Robot Miss Streak 5 | . 4 5 . 3 . 2 Penetration Max . | . . . . . . . Secondary Targets 1 | . 1 . . . . . Max Gunslinging Chain 1 | . 1 . . . . . Shots Hit Robots 150 | . 49 24 . 49 . 28 Core Hits 82 | . 18 13 . 44 . 7 Critical Kills 1 | . . . . . . 1 Critical Parts Destroyed 10 | . . . . 5 . 5 Critical Strikes 22 | . 8 1 . 6 . 7 Burn 9 | . 8 . . . . 1 Blast 2 | . . 1 . 1 . . Smash 11 | . . . . 5 . 6 Melee Attacks 80 | . . . . 27 . 53 Impact 68 | . . . . 27 . 41 Slashing 12 | . . . . . . 12 Piercing . | . . . . . . . Sneak Attacks 7 | . . . . 3 . 4 Combat Hostiles 1 | . . . . 1 . . Follow-up Attacks 2 | . . . . . . 2 Damage Inflicted 6753 | . 642 824 . 3791 . 1496 Guns 805 | . 590 21 . . . 194 Cannons 1555 | . 39 380 . 1082 . 54 Explosions 2289 | . . 423 . 1866 . . Melee 2091 | . . . . 843 . 1248 Ramming 13 | . 13 . . . . . Kinetic 732 | . 39 273 . 366 . 54 Thermal 1607 | . 590 107 . 716 . 194 Explosive 2245 | . . 423 . 1822 . . Electromagnetic 65 | . . 21 . 44 . . Impact 1835 | . . . . 843 . 992 Slashing 256 | . . . . . . 256 Piercing . | . . . . . . . Highest Corruption 10 | . . . . 1 9 10 Average Corruption 6 | . . . . 1 6 9 Corruption Purged . | . . . . . . . Corruption Blocked . | . . . . . . . Effects 35 | . . . . 3 1 31 Message Errors 6 | . . . . 1 . 5 Matter Fused 10 | . . . . 1 1 8 Heat Flow Errors 4 | . . . . 1 . 3 Energy Discharges 6 | . . . . . . 6 Parts Rejected 2 | . . . . . . 2 Data Loss (minor) 3 | . . . . . . 3 Data Loss (major) 2 | . . . . . . 2 Misfires 1 | . . . . . . 1 Alerts 1 | . . . . . . 1 Overload Shots 7 | . . . . . . 7 Overflow Damage 811 | . . . . 331 . 480 Projectiles 35 | . . . . 35 . . Explosions 58 | . . . . 58 . . Melee 718 | . . . . 238 . 480 Knockbacks 10 | . 1 4 . 5 . . Impact 4 | . 1 . . 3 . . Kinetic 6 | . . 4 . 2 . . Secondary . | . . . . . . . Self-Inflicted Damage 105 | . . 95 . 10 . . Shots 8 | . . 7 . 1 . . Rammed 2 | . 2 . . . . . Targets Rammed 2 | . 2 . . . . . Kicked . | . . . . . . . Crushed . | . . . . . . . Highest Temperature 211 | . 54 12 . 108 . 211 Average Temperature 33 | . 21 6 . 43 . 95 Received Heat Transfer 426 | . 159 42 . 225 . . Siege Activations . | . . . . . . . Martial Activations . | . . . . . . . Shielding Activations . | . . . . . . . Robots Disrupted . | . . . . . . . Combat Hostiles . | . . . . . . . Robots Corrupted 8 | . . . . 4 . 4 Combat Hostiles 7 | . . . . 4 . 3 Parts Fried 18 | . . . . 5 . 13 Impact Corruptions 24 | . . . . 8 . 16 Robots Melted 1 | . 1 . . . . . Combat Hostiles 1 | . 1 . . . . . Parts Melted 9 | . 7 . . 2 . . Heat Transferred 3879 | . 2331 148 . 1050 . 350 Parts Sabotaged . | . . . . . . . Parts Stolen . | . . . . . . . Parts Stripped . | . . . . . . . Power Chain Reactions 1 | . . . . 1 . . Alert | -11 -10 -10 -7 -5 -5 -5 ------- Run | Yrd Mat Sub Scr Fac Was Fac Maximum Alert Level 2 | . . . . 2 1 . Low Security (%) 69 | 100 100 . . 17 . 100 Level 1 12 | . . . . 30 100 . Level 2 18 | . . . . 52 . . Level 3 . | . . . . . . . Level 4 . | . . . . . . . Level 5 . | . . . . . . . High Security . | . . . . . . . Max Security . | . . . . . . . Peak Influence 660 | . 84 . . 660 234 149 Initial 219 | . . . . . 219 149 Average 167 | . 14 . . 402 223 69 Influence Increases 1833 | . 205 120 . 1128 15 365 Destroy 0b10 Robot/C 840 | . 120 60 . 500 . 160 Destroy 0b10 Robot/NC 90 | . 20 . . 40 . 30 Destroy Leader 166 | . 38 . . 96 . 32 Successful Hack 39 | . 10 . . 24 . 5 Disable Machine 165 | . . . . 150 . 15 Destroy Structure 308 | . 2 . . 258 . 48 Partial Spotted 30 | . . . . . 15 15 Lose Combat Pursuer 195 | . 15 60 . 60 . 60 Influence Decreases 1770 | . 205 120 . 502 427 516 Entered New Map 472 | . . . . . 407 65 Time Decay 1007 | . 205 110 . 342 20 330 Lost Part 291 | . . 10 . 160 . 121 Squads Dispatched 10 | . . . . 9 . 1 Investigation 4 | . . . . 4 . . Extermination 3 | . . . . 2 . 1 Reinforcement 1 | . . . . 1 . . Assault 2 | . . . . 2 . . Garrison . | . . . . . . . Intercept . | . . . . . . . Searches Triggered . | . . . . . . . Construction Impeded . | . . . . . . . Haulers Reinforced 1 | . . . . 1 . . Active Scanning Responses . | . . . . . . . Cargo Convoy Interrupts . | . . . . . . . Stealth | -11 -10 -10 -7 -5 -5 -5 --------- Run | Yrd Mat Sub Scr Fac Was Fac Distress Signals 4 | . . . . 3 . 1 Communications Jammed . | . . . . . . . Distress Signals . | . . . . . . . Times Spotted 76 | . 11 11 . 32 6 16 Peak Tracking Total 5 | . 2 4 . 5 5 5 Tactical Retreats 7 | . 1 2 . 1 . 3 Traps | -11 -10 -10 -7 -5 -5 -5 ------- Run | Yrd Mat Sub Scr Fac Was Fac Traps Triggered 3 | . 1 . . 2 . . Indirectly . | . . . . . . . Trap Hack Attempts . | . . . . . . . Triggered . | . . . . . . . Disarmed . | . . . . . . . Reprogrammed . | . . . . . . . Reused . | . . . . . . . Traps Extracted . | . . . . . . . Installed . | . . . . . . . Triggered . | . . . . . . . Machines | -11 -10 -10 -7 -5 -5 -5 ---------- Run | Yrd Mat Sub Scr Fac Was Fac Machines Disabled 11 | . . . . 10 . 1 Max in Single Turn 2 | . . . . 2 . 1 Machines Repaired . | . . . . . . . Machines Dismantled . | . . . . . . . Machines Sabotaged . | . . . . . . . Overloaded Fab Kills . | . . . . . . . Hacking | -11 -10 -10 -7 -5 -5 -5 --------- Run | Yrd Mat Sub Scr Fac Was Fac Machines Accessed 18 | . 7 1 2 7 . 1 Terminals 6 | . 5 . . 1 . . Fabricators 1 | . . . . 1 . . Repair Stations 1 | . . . . . . 1 Recycling Units 6 | . 2 . . 4 . . Scanalyzers 1 | . . . . 1 . . Garrison Access . | . . . . . . . Total Hacks 50 | . 14 3 16 15 . 2 Successful 31 | . 4 3 16 6 . 2 Failed 19 | . 10 . . 9 . . Catastrophic 1 | . 1 . . . . . Database Lockouts . | . . . . . . . Manual 15 | . 4 . . 11 . . Terminals 13 | . 11 . . 2 . . Fabricators 1 | . . . . 1 . . Repair Stations 2 | . . . . . . 2 Recycling Units 13 | . 3 . . 10 . . Scanalyzers 2 | . . . . 2 . . Garrison Access . | . . . . . . . Terminal Hacks 22 | . 3 3 16 . . . Record 18 | . . 3 15 . . . Prototype ID Bank 2 | . 2 . . . . . Zone Layout 1 | . 1 . . . . . Proto ID Catalog 1 | . . . 1 . . . Fabricator Hacks . | . . . . . . . Repair Station Hacks 2 | . . . . . . 2 Scan Component 1 | . . . . . . 1 Repair 1 | . . . . . . 1 Recycling Unit Hacks 1 | . 1 . . . . . Retrieve Components 1 | . 1 . . . . . Scanalyzer 1 | . . . . 1 . . Retrieve Study 1 | . . . . 1 . . Garrison Access Hacks . | . . . . . . . Unauthorized Hacks 5 | . . . . 5 . . Terminals . | . . . . . . . Fabricators 1 | . . . . 1 . . Liberate 1 | . . . . 1 . . Repair Stations . | . . . . . . . Recycling Units 4 | . . . . 4 . . Fedlink 4 | . . . . 4 . . Scanalyzers . | . . . . . . . Garrison Access . | . . . . . . . Data Cores Recovered . | . . . . . . . Used . | . . . . . . . Hacking Detections 8 | . 6 . . 2 . . Full Trace Events . | . . . . . . . Feedback Events . | . . . . . . . Feedback Blocked . | . . . . . . . Robot Schematics Acquired . | . . . . . . . Robots Built . | . . . . . . . Authchips . | . . . . . . . Time . | . . . . . . . Total Robot Build Rating . | . . . . . . . Part Schematics Acquired . | . . . . . . . Parts Built . | . . . . . . . Authchips . | . . . . . . . Time . | . . . . . . . Total Part Build Rating . | . . . . . . . Part Studies Acquired 1 | . . . . 1 . . Parts Repaired 1 | . . . . . . 1 Time 56 | . . . . . . 56 Parts Recycled . | . . . . . . . Recycled Matter . | . . . . . . . Retrieved Matter . | . . . . . . . Retrieved Components 5 | . 5 . . . . . Parts Scanalyzed . | . . . . . . . Part Schematics Acquired . | . . . . . . . Parts Damaged . | . . . . . . . Bothacking | -11 -10 -10 -7 -5 -5 -5 ------------ Run | Yrd Mat Sub Scr Fac Was Fac Used RIF Installer . | . . . . . . . Robots Hacked . | . . . . . . . Non-combat . | . . . . . . . Combat . | . . . . . . . Robot Hacks Applied . | . . . . . . . Relay Couplers Released . | . . . . . . . Fabnet Peak Effective % . | . . . . . . . Robots Rewired . | . . . . . . . Allies Hacked . | . . . . . . . Hacks Repelled . | . . . . . . . Allies | -11 -10 -10 -7 -5 -5 -5 -------- Run | Yrd Mat Sub Scr Fac Was Fac Total Allies . | . . . . . . . Largest Group . | . . . . . . . Highest-Rated Group . | . . . . . . . Highest-Rated Ally . | . . . . . . . Total Orders . | . . . . . . . Ally Attacks . | . . . . . . . Total Damage . | . . . . . . . Kills . | . . . . . . . Allies Corrupted . | . . . . . . . Allies Melted . | . . . . . . . Intel | -11 -10 -10 -7 -5 -5 -5 ------- Run | Yrd Mat Sub Scr Fac Was Fac Active Infowar (turns) 1880 | . . . . 1037 45 798 Optics 1880 | . . . . 1037 45 798 Sensors 944 | . . . . 188 45 711 Robot Analysis Total . | . . . . . . . Derelict Logs Recovered 4 | . . 1 3 . . . Drone Launches . | . . . . . . . Drone Recoveries . | . . . . . . . Exploration | -11 -10 -10 -7 -5 -5 -5 ------------- Run | Yrd Mat Sub Scr Fac Was Fac Turns Passed 8224 | 59 1034 1794 3457 1037 45 798 Spaces Moved 5432 | 38 558 1021 1997 861 101 856 Core 12 | 9 . . . . . 3 Treads 2932 | . 469 1021 1442 . . . Legs 118 | 29 89 . . . . . Wheels 1038 | . . . 555 483 . . Hover 1332 | . . . . 378 101 853 Flight . | . . . . . . . Fastest Speed 44 | 50 120 160 130 44 44 44 Average Speed 129 | 118 153 160 163 86 44 51 Slowest Speed 400 | 190 160 160 240 240 44 400 Overloaded Moves . | . . . . . . . Propulsion Burnouts . | . . . . . . . Robots Hopped . | . . . . . . . Potential Cave-ins . | . . . . . . . Cave-ins Triggered . | . . . . . . . Exploration Rate (%) 47 | 3 85 33 88 24 93 8 Regions Visited 6 Branch Regions 2 Pre-discovered Areas 5 | . . 2 2 1 . . Known Exits Taken . | . . . . . . . Unknown Exits Taken 4 | 1 1 1 1 . . . Scrap Searched 7 | . . . 7 . . . Spaces Dug 52 | . . 15 . 15 . 22 Terrain Destroyed 222 | . . 39 . 159 . 24 Melee 23 | . . . . 7 . 16 Projectile 15 | . . 1 . 6 . 8 AOE 184 | . . 38 . 146 . . Terrain Rammed . | . . . . . . . Walls Destroyed . | . . . . . . . Machines Disabled . | . . . . . . . Actions | -11 -10 -10 -7 -5 -5 -5 --------- Run | Yrd Mat Sub Scr Fac Was Fac Total 6274 | 49 669 1124 2186 1038 100 1108 Wait 383 | . 36 35 144 23 . 145 Move 5427 | 37 557 1020 1996 861 100 856 Hop . | . . . . . . . Pick Up 76 | 6 20 9 20 19 . 2 Fast Attach 27 | 6 1 . 3 13 . 4 Attach 39 | . . 3 1 19 . 16 Detach 17 | . . . . 4 . 13 Swap 28 | . 6 10 4 7 . 1 Drop 51 | . 12 7 18 11 . 3 Fire 147 | . 35 40 . 54 . 18 Melee 77 | . . . . 27 . 50 Ram . | . . . . . . . Kick . | . . . . . . . Crush 2 | . 2 . . . . . Escape Stasis . | . . . . . . . Rewire . | . . . . . . . Trap . | . . . . . . . Miscellaneous . | . . . . . . . Route ------- -11/Scrapyard -10/Materials (discovered 4 exits: [*Mat x3] / *Sub) -10/Subcaves (discovered 2 exits: [*Mat] / *Scr) -7/Scraptown (discovered 2 exits: *Fac x2) -5/Factory -5/Waste -5/Factory History --------- Turn | Location | Event 36 | -11/Scrapyard | Discovered new exit (range 13) 60 | -11/Scrapyard | Entered Materials 61 | -10/Materials | Met a group of wandering Federalists 159 | -10/Materials | Discovered new exit (range 3) 314 | -10/Materials | Build established: Mutant 401 | -10/Materials | Discovered new exit (range 11) 535 | -10/Materials | Discovered new exit (range 13) 756 | -10/Materials | Discovered new exit (range 11) 1094 | -10/Materials | Entered Subcaves 1095 | -10/Subcaves | Shifting Twisted Machinery released Sub. Beam Cannon 1095 | -10/Subcaves | Continued accompanying wandering Federalists (5) 1095 | -10/Subcaves | Approached by a straggling Scientist 1096 | -10/Subcaves | Shifting Twisted Machinery released Riot Gun 1243 | -10/Subcaves | Discovered new exit (range 7) 1355 | -10/Subcaves | Wandering Federalist uncovered a shortcut to Scraptown 1416 | -10/Subcaves | Learned Materials terminal intel 1469 | -10/Subcaves | A swath of the cavern ceiling suddenly collapsed 1509 | -10/Subcaves | Ambushed by Subdwellers from Twisted Machinery 1612 | -10/Subcaves | Ambushed by Subdweller buried in earth 1619 | -10/Subcaves | Core integrity fell below 50% 2351 | -10/Subcaves | Visited Clippyterm 2356 | -10/Subcaves | Learned location of Deep Caves (-6) 2356 | -10/Subcaves | Learned location of Section 7 (-3) 2888 | -10/Subcaves | Entered Scraptown 2936 | -7/Scraptown | Heard Great Nut preacher, LISTEN AND RECITE! 2954 | -7/Scraptown | Visited Assassins FH 3053 | -7/Scraptown | Visited UFD Registry 3053 | -7/Scraptown | Registered with UFD as "Monoslicer" 3074 | -7/Scraptown | Visited IN-MT5's Study 3108 | -7/Scraptown | Visited Bundlers 3241 | -7/Scraptown | Visited Awakened 3276 | -7/Scraptown | Visited Spacefarers 3305 | -7/Scraptown | Learned location of Extension (-5) 3745 | -7/Scraptown | Visited Chapter 10 3796 | -7/Scraptown | Visited Botcube Research 3870 | -7/Scraptown | Visited Curators Association 3938 | -7/Scraptown | Visited Research Penetration Think Tank 3974 | -7/Scraptown | Visited Science Guys 4046 | -7/Scraptown | Delivered Scrap Shield to a Scientist 4090 | -7/Scraptown | Visited A0-MCA Data Center 4100 | -7/Scraptown | Given an A rating by A0-MCA 4102 | -7/Scraptown | Found A0-MCA's Component Scanner 4133 | -7/Scraptown | Visited DA-N13 Charitable Foundation 4140 | -7/Scraptown | Found DCF Scrap (29 items) 4178 | -7/Scraptown | Visited Derelict Rescue Squad 4290 | -7/Scraptown | Scanned Subdweller tech in exchange for log data 4293 | -7/Scraptown | Learned 8 Factory zone layouts 4295 | -7/Scraptown | Learned location of Testing (-2) 4298 | -7/Scraptown | Learned Research emergency access door positions 4349 | -7/Scraptown | Visited Junk Repository 4491 | -7/Scraptown | Visited The Evicted 4571 | -7/Scraptown | Discovered new exit (range 13) 6277 | -7/Scraptown | Met Optimus 6277 | -7/Scraptown | Accepted into 0bPrime 6343 | -7/Scraptown | Discovered new exit (range 3) 6345 | -7/Scraptown | Entered Factory 6345 | -5/Factory | Evolved 10 slots: Power x1, Propulsion x3, Utility x6 6552 | -5/Factory | Destroyed 7 combat bots 6561 | -5/Factory | Loaded intel: 8 recycling unit locations 6695 | -5/Factory | Discovered new exit (range 18) 6945 | -5/Factory | First assault squad dispatched 6972 | -5/Factory | Learned location of Protoforge (-3) 7109 | -5/Factory | Lost 7 parts (1p2n3u1w) 7188 | -5/Factory | Lost 7 parts (1p5n1u) 7382 | -5/Factory | Manually triggered Chute Trap 7382 | -5/Factory | Sucked down chute 7382 | -5/Factory | Entered Waste 7386 | -5/Waste | Spotted C-40 Crusher 7390 | -5/Waste | Spotted C-40 Crusher 7395 | -5/Waste | Spotted C-40 Crusher 7396 | -5/Waste | Spotted C-40 Crusher 7397 | -5/Waste | EMP discharged 7400 | -5/Waste | Build established: Scavenger-Scout 7401 | -5/Waste | Spotted C-40 Crusher 7411 | -5/Waste | Spotted C-40 Crusher 7412 | -5/Waste | Discovered new exit (range 13) 7426 | -5/Waste | Identified exit to Factory 7427 | -5/Waste | Entered Factory 7795 | -5/Factory | Repaired Antigrav System 8005 | -5/Factory | Core integrity fell below 50% 8029 | -5/Factory | Lost 4 parts (1p2n1w) 8182 | -5/Factory | System corruption reached 10% 8205 | -5/Factory | Core integrity fell below 20% 8225 | -5/Factory | Destroyed by H-66 Slayer with Gauss Rifle Last Messages --------------- 08187_ Penetrated by Slug. 08187_ Powered Hammer destroyed. 08192_ U-05 Engineer builds a Wall. 08195_ Slug penetrates Construction Platform. 08198_ Adv. Cooling System destroyed. 08198_ Imp. Gravmag System destroyed. 08201_ Slug penetrates Construction Platform. 08202_ U-05 Engineer builds a Wall. 08204_ P-70 Sage misfires. 08204_ Slug penetrates Construction Platform. 08206_ Construction Platform collapses. 08206_ Construction Platform disabled. 08208_ Penetrated by Slug. 08210_ P-70 Sage destroyed. 08211_ Penetrated by Slug. 08211_ Imp. Gravmag System destroyed. 08217_ Penetrated by Slug. 08225_ System corrupted: Chainsword rejected. 08225_ Penetrated by Slug. Map ----- +----------------------------------------------------+ | ??????????# #???????????? | | ??????????# #???????????? | | ??????????# #???????????? | | ??????????# #???????????? | | ??????????# #???????????? | | ??????????# ############# | | ??????????# # ! | | ??????????# # """ | | ??????????# + """ ! ! | | ########### # """ ] | | # """ ## # | | # "R" ## ############# | | # " " # #??????????? | | # # ! !#??????????? | | # + ! #??????????? | | # """ # #??????????? | | # """ # #??????????? | | # """ ## ##?????###??? | | #== ## #?????##"#### | | ########### #?????#" """" | | ?#[ u #?????## """" | | ?# """" # #??????# """" | | ?# """" # #??????# """" | | ?# """" # #??????# | | ?#h"""" # ##?????# | | ?#@"""" # ####???# ! | | ?# """" # ######## | | ?# """ # ## # | | ?#%[ ! # ## ###+## | | ?########## ## | | ??????????# ## | | ??????????# ## | | ??????????# ## | | ??????????# ## | | ??????????# ##########/## | | ??????????# #????# | | ??????????# #????# | | ??????????# #????# """""" | | ??????????# #????# """""" | | ??????????# #????# """""" | | ??????????# #????# """""" | | ??????????# #????# * | | ??????????# #????# = = % | | ?#######??# #????####+##+ | | # ?# #???????#!##= | | # ?# #?#######+#"+ | | # # #?# | | # # #?# | | # + ### | | # # + | +----------------------------------------------------+ Best States ------------- Heat Dissipation 71 Energy Generation 34 Energy Capacity 410 Matter Stores 300 Matter Capacity 300 Sight Range 22 Robot Scan Range 18 Terrain Scan Density 10 Armor Coverage 225 Resistance: TH 20 Utility Shielding 66 Phase Shifting 5 Evasion (%) 56 Targeting Accuracy 8 Recoil Reduction 2 Defensive Hacking 12 Item Schematics ----------------- None Robot Schematics ------------------ None Fabricated ------------ Nothing Repaired ---------- Antigrav System | 14% | -5/Factory Studied --------- Hover Unit | -5/Factory | Hacked Alien Tech Used ----------------- None Achievements -------------- Strength In Numbers Wheee! Challenges ------------ None Game ------ Seed VariableLargeWeb Manual? 0 Play Time 01:05:05 Cumulative 436.5 hours Start 2025.12.30 @ 03:16:19 End 2025.12.30 @ 04:23:52 Sessions 1 Manual Loads 0 Difficulty Rogue Special Mode None Game No. 209 Rogue 209 Adventurer 0 Explorer 0 Win Type - Total 13 Types 9/0/2/0/0/0/0/1/0/1 Lore% 84 Gallery% 82 Achievement% 61 Wizard Run 0 Options --------- Layout 1 ASCII 0 Keyboard 0 Movement Mouse Keybinds 0 Fullscreen 1 Font 24/Smallcaps Map View 50x35 Zoom Use 0% Tactical HUD 1 Map Filters NONE Filters NONE Steam 1 RUN: 6dfa4a34-9968-42c9-85e6-f682cd17a6d3